 Dungeon Crawl Stone Soup version 0.27-a0-412-g8dd771eca2 (webtiles) character file.

Game seed: 1548676586988635540

595 tilp the Insei (level 7, -2/48 HPs)
             Began as an Octopode Transmuter on Feb 23, 2021.
             Slain by a centaur (8 damage)
             ... on level 5 of the Dungeon.
             The game lasted 00:07:51 (5784 turns).

tilp the Insei (Octopode Transmuter)                Turns: 5784, Time: 00:07:51

Health: -2/48      AC:  1    Str: 10    XL:     7   Next: 40%
Magic:  17/19      EV: 13    Int: 17    God:
Gold:   255        SH:  4    Dex: 12    Spells: 7/10 levels left

rFire    + . .     SeeInvis .     - Unarmed
rCold    . . .     Faith    .   a - +0 buckler
rNeg     . . .     Spirit   .   (helmet restricted)
rPois    .         Reflect  .   (no amulet)
rElec    .         Harm     .   p - ring of protection from fire
rCorr    .         Rampage  .   d - ring of magical power
Will     .....                  (no ring)
Stlth    +++.......             (no ring)
HPRegen  0.16/turn              (no ring)
MPRegen  0.16/turn              (no ring)
                                (no ring)
                                (no ring)

@: wereblooded
A: almost no armour, stealthy swim, amphibious, 8 rings, constrict 8, camouflage
1, gelatinous body 1
a: no special abilities


You were on level 5 of the Dungeon.
You visited 1 branch of the dungeon, and saw 5 of its levels.

You collected 255 gold pieces.

Inventory:

Missiles
 c - 153 stones
 m - 28 poisoned darts (quivered)
Armour
 a - a +0 buckler (worn)
Jewellery
 d - a ring of magical power (right tentacle)
 p - a ring of protection from fire (left tentacle)
Wands
 o - a wand of digging (6)
Scrolls
 b - 2 scrolls of teleportation
 f - a scroll of magic mapping
 h - a scroll of fear
 i - 2 scrolls of fog
 k - a scroll of immolation
 q - a scroll of amnesia {unknown}
Potions
 e - a potion of flight
 j - a potion of might
 l - a potion of attraction
 n - a potion of berserk rage {unknown}
 s - a potion of mutation {unknown}


   Skills:
 + Level 4.0 Fighting
 + Level 2.1 Dodging
 - Level 4.0 Stealth
 + Level 2.1 Shields
 + Level 6.0 Unarmed Combat
 - Level 2.0 Spellcasting
 - Level 2.0 Transmutations


You had 7 spell levels left.
You knew the following spells:

 Your Spells              Type           Power        Failure   Level
a - Beastly Appendage     Tmut           16%          11%         1
b - Wereblood             Tmut           8%           16%         2

Your spell library contained the following spells:

 Spells                   Type           Power        Failure   Level
 Spider Form              Tmut/Pois      2%           43%         3
 Ice Form                 Ice/Tmut       5%           85%         4
 Blade Hands              Tmut           4%           96%         5


Dungeon Overview and Level Annotations

Branches:
Dungeon (5/15)
 Temple: D:4-7

Altars:
Cheibriados
Gozag

Shops:
D:4 (=

Annotations:
D:2 Sigmund
D:4 4 runed translucent doors, Crazy Yiuf; Menkaure; emiel's ghost, novice NaWn
D:5 exclusion: steam dragon


Innate Abilities, Weirdness & Mutations

You cannot wear most types of armour.
You are very stealthy in the water. (Stealth+)
You are amphibious.
You can wear up to eight rings at the same time.
You can use your tentacles to constrict eight enemies at once.
Your skin changes colour to match your surroundings (Stealth+).
Your rubbery body absorbs attacks. (AC +1, EV +1)


Message History

The centaur is moderately wounded.
The adder zombie barely misses you. The centaur hits you.
Your magical contamination has completely faded away.
You tentacle-slap the centaur.
The centaur is heavily wounded.
The centaur hits you. You block the adder zombie's attack.
The centaur hits you.
You tentacle-slap the centaur.
You squeeze the centaur, but do no damage.
The centaur is heavily wounded.
The adder zombie bites you but does no damage.
The centaur completely misses you. You block the adder zombie's attack.
You tentacle-slap the centaur.
You pierce the centaur, but do no damage.
The centaur is heavily wounded.
The centaur hits you! x2
* * * LOW HITPOINT WARNING * * *
The adder zombie bites you.
* * * LOW HITPOINT WARNING * * *
You feel better. The centaur hits you!
* * * LOW HITPOINT WARNING * * *
The adder zombie barely misses you.
Unknown command.
You tentacle-slap the adder zombie. You grab the adder zombie.
You pierce the adder zombie.
You squeeze the adder zombie!
The adder zombie is almost destroyed.
You constrict the adder zombie.
You destroy the adder zombie!
The centaur closely misses you. The centaur hits you!
* * * LOW HITPOINT WARNING * * *
You tentacle-slap the centaur but do no damage.
You squeeze the centaur.
The centaur is severely wounded.
The centaur closely misses you.
You tentacle-slap the centaur.
The centaur is severely wounded.
You howl as the wereblood boils in your veins!
Your tentacle spike disappears.
You block the centaur's attack. The centaur hits you!
You die...

##.##...............##...
#..................## ...
..#..........#....# ..
##........###...... #
##.....##.###.#..... ##.
#..........####..... #.).
##........## ##...
#....##......### #.#
#.....<....@##
#..#.......c..!.(..
#...............
...........(..≈≈.
#.............≈.(≈
###...........≈...
.##..........≈≈⌠ .!
.#..........⌠≈


You could see a centaur.

Vanquished Creatures
  An ogre (D:4)
  A wight (D:4)
  A hound (D:4)
  An orc priest (D:4)
  Jessica (D:2)
  An iguana (D:4)
  2 orc wizards (D:4)
  Ijyb (D:3)
  Natasha (thrice) (D:2)
  A worker ant (D:4)
  A hound skeleton (D:4)
  7 adders
  An ooze (D:3)
  An adder zombie (D:5)
  2 dart slugs
  5 leopard geckos
  14 orcs
  5 ball pythons (D:3)
  6 bats
  4 giant cockroaches
  12 goblins
  5 hobgoblins
  7 jackals
  A quokka (D:2)
  4 frilled lizards
  4 kobolds
  7 rats
99 creatures vanquished.

Vanquished Creatures (others)
  4 plants (D:3)
4 creatures vanquished.

Grand Total: 103 creatures vanquished

Notes
Turn   | Place    | Note
-------+----------+-------------------------------------------
     0 | D:1      | tilp the Octopode Transmuter began the quest for the Orb.
     0 | D:1      | Reached XP level 1. HP: 13/13 MP: 3/3
    24 | D:1      | Reached skill level 1 in Stealth
    55 | D:1      | Reached skill level 1 in Shields
    55 | D:1      | Reached XP level 2. HP: 12/18 MP: 5/5
    63 | D:1      | Learned a level 2 spell: Wereblood
   619 | D:1      | Reached XP level 3. HP: 23/23 MP: 6/6
  1179 | D:2      | Reached XP level 4. HP: 27/28 MP: 7/7
  1270 | D:2      | Noticed Natasha
  1280 | D:2      | Killed Natasha
  1333 | D:2      | Noticed Natasha
  1345 | D:2      | Killed Natasha
  1346 | D:2      | Reached XP level 5. HP: 33/34 MP: 8/8
  1411 | D:2      | Noticed Natasha
  1737 | D:2      | Noticed Jessica
  1744 | D:2      | Killed Jessica
  1745 | D:2      | Reached skill level 4 in Unarmed Combat
  1790 | D:2      | Noticed Sigmund
  1910 | D:2      | Killed Natasha
  2428 | D:3      | Reached XP level 6. HP: 39/41 MP: 3/9
  2647 | D:3      | Noticed Ijyb
  2668 | D:3      | Killed Ijyb
  3263 | D:4      | Reached skill level 5 in Unarmed Combat
  3587 | D:4      | Found Nacvajic's Jewellery Boutique.
  3786 | D:4      | Noticed Menkaure
  3797 | D:4      | Found Caer's Weapon Emporium.
  3824 | D:4      | Found Otinel's Antique Weapon Shop.
  3830 | D:4      | Found a runed translucent gate.
  3831 | D:4      | Found a runed translucent gate.
  3831 | D:4      | Found an opulent altar of Gozag.
  3832 | D:4      | Found a runed translucent gate.
  4386 | D:4      | Found a snail-covered altar of Cheibriados.
  4537 | D:4      | Noticed emiel's ghost (novice NaWn)
  4600 | D:4      | Reached XP level 7. HP: 16/46 MP: 7/10
  4919 | D:4      | Reached skill level 6 in Unarmed Combat
  5271 | D:4      | Found a runed translucent door.
  5272 | D:4      | Noticed Crazy Yiuf
  5697 | D:5      | Entered Level 5 of the Dungeon
  5743 | D:5      | Noticed a steam dragon
  5784 | D:5      | Slain by a centaur

Illustrated notes

Levels and vault maps discovered:
D:1:      giann_bridges, layout_basic
D:2:      layout_loops_ring, uniq_sigmund, uniq_jessica, uniq_natasha
D:3:      layout_loops_ring, kennysheep_cross_room, corexii_leaking_fountain,
          serial_bayou_lagoon_a, grunt_ministairs_11, uniq_ijyb
D:4:      cheibrodos_barr_body, layout_layer_cave, old_standard_altar,
          serial_shops, nicolae_shop_behind_doors, shop_fountains, shop,
          ebering_ghost_gozag, uniq_menkaure, uniq_crazy_yiuf_cottage
D:5:      cheibrodos_helix_gallery, layout_cave_pools, lemuel_crystal_altar,
          uniq_edmund

Skill      XL: |  1  2  3  4  5  6  7 |
---------------+----------------------+-----
Stealth        | 1 2 4 |  4.0
Shields        | 1 2 |  2.1
Fighting       | 2 3 4 |  4.0
Unarmed Combat | 4 5 6 |  6.0
Dodging        | |  2.1
Spellcasting   | |  2.0
Transmutations | |  2.0

Action                   |  1- 3 |  4- 6 |  7- 9 || total
-------------------------+-------+-------+-------++-------
Melee: Unarmed           |    68 |   133 |    30 ||   231
       Constrict         |    24 |    35 |     7 ||    66
       Tentacles         |    16 |    21 |     5 ||    42
       Kick              |     6 |    28 |     5 ||    39
       Punch             |       |     2 |     2 ||     4
Throw: Stone             |       |     2 |       ||     2
       Dart              |       |       |     1 ||     1
 Cast: Beastly Appendage |     6 |    15 |     3 ||    24
       Wereblood         |     1 |     6 |     3 ||    10
  Use: Scroll            |       |     7 |     1 ||     8
       Potion            |       |     1 |     1 ||     2
 Stab: Sleeping          |     6 |    13 |     2 ||    21
Armor: Skin              |     7 |     5 |     1 ||    13
Dodge: Dodged            |    42 |    58 |    20 ||   120
Block: Buckler           |       |    19 |     9 ||    28

Table legend: (Time is in decaauts)
 A = Elapsed time spent in this place.
 B = Non-inter-level travel time spent in this place.
 C = Inter-level travel time spent in this place.
 D = Time resting spent in this place.
 E = Time spent auto-exploring this place.
 F = Levels seen in this place.
 G = Mean time per level.
                   A        B        C        D        E       F      G
               +--------+--------+--------+--------+--------+-----+--------+
         Total |   5776 |   5672 |    104 |   1015 |   3959 |   5 | 1155.2 |
       Dungeon |   5776 |   5672 |    104 |   1015 |   3959 |   5 | 1155.2 |
               +--------+--------+--------+--------+--------+-----+--------+

Top non-repeatable levels by time:
     D:4: 2168 daAuts
     D:3: 1415 daAuts
     D:2: 1061 daAuts
     D:1: 1043 daAuts
     D:5: 86 daAuts
